 Dungeon Crawl Stone Soup version 0.18.1-48-g4cf74bf (webtiles) character file.

215 Gargoyl the Skirmisher (level 5, 0/63 HPs)
             Began as a Demonspawn Abyssal Knight on July 21, 2016.
             Was a Priest of Lugonu.
             Killed from afar by an orc wizard (9 damage)
             ... with a puff of flame
             ... on level 3 of the Dungeon.
             The game lasted 00:04:36 (2454 turns).

Gargoyl the Skirmisher (Demonspawn Abyssal Knight)  Turns: 2454, Time: 00:04:37

Health: 0/63       AC: 22    Str: 12 (14) XL:     5   Next: 60%
Magic:  6/6        EV:  2    Int: 11 (13) God:    Lugonu [***...]
Gold:   241        SH:  0    Dex:  9 (12) Spells: 0 memorised, 4 levels left

rFire  . . .     SeeInvis .     a - +1 hand axe
rCold  . . .     Gourm    +     (armour currently unavailable)
rNeg   + + +     Faith    .     (no shield)
rPois  +         Spirit   .     (helmet currently unavailable)
rElec  .         Dismiss  .     (cloak currently unavailable)
rCorr  .         Reflect  .     (gloves currently unavailable)
SustAt .         Harm     .     (boots currently unavailable)
MR     .....     NoTele   +     p - amulet of the gourmand
Stlth  +.........               (no ring)
                                o - ring of positive energy

@: tree-form, not resistant to hostile enchantments, very unstealthy
A: (hooves 0), (fire resistance 0)
a: Depart the Abyss, Bend Space, Banish, Renounce Religion


You were on level 3 of the Dungeon.
You worshipped Lugonu.
Lugonu was most pleased with you.
You were very full.
You were a tree.
You visited 1 branch of the dungeon, and saw 3 of its levels.
You visited the Abyss 1 time.

You collected 241 gold pieces.

Inventory:

Hand Weapons
 a - a +1 hand axe (weapon)
Armour
 d - the +5 chain mail of Ladders and Snakes (melded) {rElec rPois rF+ MP+9 Dex+2}
   (You found it on level 2 of the Abyss)

   It affects your dexterity (+2).
   It protects you from fire.
   It insulates you from electricity.
   It protects you from poison.
   It affects your magic capacity (+9).
Jewellery
 o - a ring of positive energy (left branch)
 p - an amulet of the gourmand (around neck)
Wands
 b - a wand of acid (10/15)
Scrolls
 h - 3 scrolls of amnesia {unknown}
 j - a scroll of magic mapping {unknown}
 k - 3 scrolls of remove curse
 m - a scroll of fear {unknown}
 q - a scroll of enchant armour {unknown}
Potions
 i - a potion of brilliance {unknown}
 n - a potion of berserk rage {unknown}
 r - a potion of magic {unknown}
Comestibles
 c - 2 bread rations
 f - a meat ration
 l - 4 fruits
 s - 3 chunks of flesh


   Skills:
 + Level 4.0 Fighting
 + Level 2.9 Axes
 * Level 3.5 Armour
 + Level 2.0 Dodging
 + Level 0.2 Stealth
 + Level 2.5 Invocations


You had 4 spell levels left.
You didn't know any spells.

Dungeon Overview and Level Annotations

Branches:
Dungeon (3/15)

Altars:
Gozag
Kikubaaqudgha


Innate Abilities, Weirdness & Mutations

((You have large cloven feet.))
((Your flesh is heat resistant.))


Message History

Drink which item? (? for menu, Esc to quit)
It was a potion of degeneration.
There was something very wrong with that liquid.
You feel weakened.
You feel dopey.
You feel clumsy. Something hits you.
* * * LOW HITPOINT WARNING * * *
Drink which item? (? for menu, Esc to quit)
It was a potion of lignification.
You turn into a tree.
The +5 chain mail of Ladders and Snakes {rElec rPois rF+ MP+9 Dex+2} melds into your body.
Your roots penetrate the ground.
Something hits you but does no damage. x2
You hit something.
Something hits you but does no damage. x2
You closely miss something. Something hits you but does no damage.
You miss something.
You hear some strange, mumbled words.
A magic dart appears from out of thin air!
The magic dart hits you!
You hear some strange, mumbled words.
A puff of flame appears from out of thin air!
The puff of flame hits you!
You die...

.# # ... ##.#.####
#........
#..#.o... ...##
#...o.... .#..#
#...o.o.. ...#
#{#.# #..# #♣#.###
. #.># #)#...#..
#..# #........
#..# #.....#..
#... #........
##.#
#.......##.#####.#
#†#'##.###........
#.#........#####.#
#.####..#.######.#


There were no monsters in sight!

Vanquished Creatures
  An orc priest (D:3)
  Terence (D:2)
  8 adders
  An ooze (D:2)
  A dart slug (D:1)
  A giant gecko (D:1)
  11 orcs
  A ball python (D:3)
  3 giant cockroaches
  8 goblins
  9 hobgoblins
  4 jackals (D:1)
  5 kobolds
  A quokka (D:2)
  9 bats
  6 rats
70 creatures vanquished.

Notes
Turn   | Place    | Note
--------------------------------------------------------------
     0 | Abyss:1  | Gargoyl the Demonspawn Abyssal Knight began the quest for the Orb.
     0 | Abyss:1  | Reached XP level 1. HP: 18/18 MP: 2/2
    12 | Abyss:1  | Found a corrupted altar of Lugonu.
    16 | Abyss:1  | Found a corrupted altar of Lugonu.
    35 | Abyss:2  | Got a jewelled chain mail
    46 | Abyss:2  | Identified the +5 chain mail of Ladders and Snakes {rElec rPois rF+ MP+9 Dex+2} (You found it on level 2 of the Abyss)
    52 | Abyss:2  | Noticed a sun demon
    53 | D:1      | Escaped the Abyss
   157 | D:1      | Gained mutation: You have large cloven feet. [demonic ancestry]
   157 | D:1      | Reached XP level 2. HP: 24/24 MP: 3/3
   160 | D:1      | Reached * piety under Lugonu
   220 | D:1      | Reached skill level 1 in Dodging
   412 | D:1      | Reached XP level 3. HP: 23/29 MP: 4/4
  1056 | D:2      | Found an opulent altar of Gozag.
  1091 | D:2      | Reached ** piety under Lugonu
  1281 | D:2      | Reached XP level 4. HP: 35/37 MP: 5/5
  1314 | D:2      | Found an ancient bone altar of Kikubaaqudgha.
  1535 | D:2      | Noticed Terence
  1554 | D:2      | Killed Terence
  1876 | D:3      | Reached skill level 4 in Fighting
  2082 | D:3      | Gained mutation: Your flesh is heat resistant. [demonic ancestry]
  2082 | D:3      | Reached XP level 5. HP: 39/42 MP: 6/6
  2413 | D:3      | Reached *** piety under Lugonu
  2454 | D:3      | Killed from afar by an orc wizard

Skill      XL: |  1  2  3  4  5 |
---------------+----------------+-----
Armour         | 2 3 |  3.5
Axes           | 2 |  2.9
Dodging        | 1 2 |  2.0
Fighting       | 4 |  4.0
Stealth        | |  0.2
Invocations    | |  2.5

Action                   |  1- 3 |  4- 6 || total
-------------------------+-------+-------++-------
Melee: Hand axe          |   137 |   181 ||   318
       Kick              |    27 |    53 ||    80
Invok: Depart the Abyss  |     1 |       ||     1
  Use: Scroll            |       |     2 ||     2
       Potion            |       |     2 ||     2
  Eat: Chunk             |     1 |    17 ||    18
Armor: Chain mail        |   138 |   166 ||   304
       Skin              |       |     4 ||     4
Dodge: Dodged            |    59 |    65 ||   124
